 Dungeon Crawl Stone Soup version 0.28.0 (webtiles) character file.

Game seed: 7766077162338582771

84 HallandMoats the Ruffian (level 4, -1/40 HPs)
             Began as a Ghoul Monk on Feb 7, 2022.
             Was a Plaything of Xom.
             Slain by a warg (shapeshifter) (2 damage)
             ... on level 2 of the Dungeon.
             The game lasted 00:02:04 (1521 turns).

HallandMoats the Ruffian (Ghoul Monk)               Turns: 1521, Time: 00:02:05

Health: -1/40      AC:  8    Str: 16    XL:     4   Next: 46%
Magic:  3/3        EV: 11    Int:  5    God:    Xom [.*....]
Gold:   105        SH:  0    Dex: 11    Spells: 3/3 levels left

rFire   . . .      SeeInvis .     - Unarmed
rCold   + . .      Faith    .   (no shield)
rNeg    + + +      Spirit   .   d - +0 ring mail
rPois   ∞          Reflect  .   (no helmet)
rElec   .          Harm     .   (no cloak)
rCorr   .          Rampage  .   (no gloves)
Will    .....                   c - +2 pair of boots
Stlth   +.........              (no amulet)
HPRegen 0.00/turn               (no ring)
MPRegen 0.08/turn               (no ring)

@: inhibited regen, hasted, very quick
A: claws 1, cold resistance 1, negative energy resistance 3, inhibited
regeneration, torment resistance 2
a: Renounce Religion


You were on level 2 of the Dungeon.
You worshipped Xom.
You were a plaything of Xom.
You visited 1 branch of the dungeon, and saw 2 of its levels.

You collected 105 gold pieces.

Inventory:

Armour
 c - a +2 pair of boots (worn)
 d - a +0 ring mail (worn)
Wands
 a - a wand of iceblast (6)
Scrolls
 e - a scroll of torment
 f - 2 scrolls of identify


   Skills:
 * Level 3.9 Fighting
 * Level 1.5 Armour
 * Level 3.2 Dodging
 - Level 2.1 Stealth
 * Level 4.0 Unarmed Combat
 + Level 0.9 Invocations


You had 3 spell levels left.
You didn't know any spells.
Your spell library contained the following spells:

 Spells                   Type           Power      Damage    Failure   Level
 Animate Skeleton         Necr           0%         N/A       69%         1
 Pain                     Necr           0%         1d4       69%         1
 Static Discharge         Conj/Air       0%         N/A       83%         2
 Vampiric Draining        Necr           0%         2d6       96%         3
 Lightning Bolt           Conj/Air       0%         1d11      100%        5
 Maxwell's Capacitive Co  Air            0%         ∞         100%        8


Dungeon Overview and Level Annotations

Branches:
Dungeon (2/15)

Altars:
Xom

Shops:
D:1 *


Innate Abilities, Weirdness & Mutations

You thrive by killing the living.
You are immune to poison.
You have sharp fingernails.
Your flesh is cold resistant. (rC+)
You are immune to negative energy. (rN+++)
You do not regenerate when monsters are visible.
You are immune to unholy pain and torment.


Message History

The giant cockroach bites you.
You closely miss the tengu.
The tengu changes into a warg!
The giant cockroach bites you but does no damage.
The giant cockroach bites you but does no damage.
The warg closely misses you. The warg bites you. The warg bites you!
The giant cockroach barely misses you. The warg bites you.
The giant cockroach bites you but does no damage.
The warg bites you. The giant cockroach barely misses you. The warg bites you.
* * * LOW HITPOINT WARNING * * *
You see here a +1 antimagic short sword.
Xom guffaws.
The giant cockroach waves its antennae.
The giant cockroach bites you but does no damage.
The warg completely misses your quokka. The warg bites your quokka!
Your quokka dies!
Your quokka's corpse disappears in a puff of smoke!
The giant cockroach bites you but does no damage.
Xom smirks.
You detect items!
The warg bites you.
* * * LOW HITPOINT WARNING * * *
The giant cockroach completely misses you.
Found a robe.
The warg bites you.
* * * LOW HITPOINT WARNING * * *
As you read the scroll labelled NATEPUGGU, it crumbles to dust.
It is a scroll of identify.
e - a scroll of torment The giant cockroach closely misses you.
The warg bites you but does no damage.
Okay, then.
It was a potion of haste.
You feel yourself speed up. The warg bites you.
* * * LOW HITPOINT WARNING * * *
The giant cockroach bites you but does no damage.
The giant cockroach waves its antennae.
The warg bites you.
You die...
Xom snickers!

##############
#.....@......#
###########...Bh........
#........[.............#
#......................#
#......................#
#......................#
#.......................
#..................[...#
..
#............#########
...


You could see a warg shaped shifter and a giant cockroach.

Vanquished Creatures
  An iguana (D:2)
  An adder (D:2)
  A dart slug (D:2)
  3 endoplasms
  4 hobgoblins
  7 jackals
  2 quokkas (D:1)
  7 ball pythons
  2 bats (D:2)
  4 frilled lizards
  5 goblins
  4 kobolds
  5 rats
46 creatures vanquished.

Notes
Turn   | Place    | Note
-------+----------+-------------------------------------------
     0 | D:1      | HallandMoats the Ghoul Monk began the quest for the Orb.
     0 | D:1      | Reached XP level 1. HP: 19/19 MP: 0/0
   195 | D:1      | Found Limawkap's General Store.
   229 | D:1      | Found a faded altar of an unknown god.
   235 | D:1      | Reached XP level 2. HP: 26/26 MP: 1/1
   241 | D:1      | Prayed at the altar of an unknown god.
   241 | D:1      | Became a worshipper of Xom of Chaos
   394 | D:1      | XOM: silly message
   854 | D:1      | XOM: silly message
  1080 | D:1      | Reached XP level 3. HP: 31/31 MP: 2/2
  1154 | D:1      | Reached skill level 1 in Armour
  1345 | D:2      | Reached XP level 4. HP: 40/40 MP: 3/3
  1402 | D:2      | XOM: swap monsters
  1485 | D:2      | Reached skill level 4 in Unarmed Combat
  1488 | D:2      | Noticed a shapeshifter
  1488 | D:2      | a bat changed into a shapeshifter
  1488 | D:2      | XOM: polymorph bat -> shapeshifter
  1488 | D:2      | Noticed a golden eye
  1488 | D:2      | a shapeshifter changed into a golden eye
  1490 | D:2      | Noticed a tengu
  1490 | D:2      | a golden eye changed into a tengu
  1492 | D:2      | Noticed a warg
  1492 | D:2      | a tengu changed into a warg
  1508 | D:2      | XOM: cast spell 'Summon Small Mammal'
  1510 | D:2      | XOM: divination: detect items
  1517 | D:2      | HP: 1/40 [warg (shapeshifter) (6)]
  1521 | D:2      | Slain by a warg (shapeshifter)

Illustrated notes

Levels and vault maps discovered:
D:1:      dpeg_arrival_round_c, layout_loops_corners, serial_shops, shop,
          basic_ecumenical_altar, chequers_avenue, minmay_door_square
D:2:      layout_basic, kennysheep_nondescript, minmay_cut_off

Skill      XL: |  1  2  3  4 |
---------------+-------------+-----
Armour         | 1 |  1.5
Dodging        | 3 |  3.2
Unarmed Combat | 4 |  4.0
Fighting       | |  3.9
Stealth        | |  2.1
Invocations    | |  0.9

Action                   |  1- 3 |  4- 6 || total
-------------------------+-------+-------++-------
Melee: Unarmed           |    99 |    38 ||   137
       Punch             |     3 |     2 ||     5
  Use: Scroll            |       |     1 ||     1
       Potion            |       |     1 ||     1
 Stab: Sleeping          |     2 |     1 ||     3
Armor: Robe              |    15 |       ||    15
       Ring mail         |    15 |    24 ||    39
Dodge: Dodged            |    64 |    25 ||    89
